 Dungeon Sprint DCSS version 0.21.0-30-g47ce8e4 (webtiles) character file.

5 wojtek the Skirmisher (level 4, 0/72 HPs)
             Began as a Minotaur Berserker on Jan 28, 2018.
             Was a Believer of Trog.
             Killed from afar by Blork the orc (5 damage)
             ... with a puff of frost
             ... in the Dungeon (Sprint VI: "Thunderdome").
             The game lasted 00:00:57 (223 turns).

wojtek the Skirmisher (Minotaur Berserker)           Turns: 223, Time: 00:00:58

Health: 0/72       AC:  2    Str: 27    XL:     4   Next: 47%
Magic:  3/3        EV: 13    Int:  4    God:    Trog [**....]
Gold:   90         SH:  0    Dex: 10    Spells: 3/3 levels left

rFire    . . .     SeeInvis .   n - +0 broad axe
rCold    . . .     Gourm    .   (no shield)
rNeg     . . .     Faith    .   b - +0 animal skin
rPois    .         Spirit   .   (helmet restricted)
rElec    .         Reflect  .   (no cloak)
rCorr    .         Harm     .   (no gloves)
MR       .....     NoTele   +   (no boots)
Stlth    ..........             (no amulet)
HPRegen  0.22/turn              (no ring)
MPRegen  0.08/turn              (no ring)

@: berserking, very quick
A: retaliatory headbutt, horns 2
a: Berserk, Trog's Hand, Burn Spellbooks, Renounce Religion


You were in the Dungeon.
You worshipped Trog.
Trog was pleased with you.
You were not hungry.

You visited 1 branch You collected 210 gold pieces.
You spent 120 gold pieces at shops.

Inventory:

Hand Weapons
 a - a +0 hand axe
 n - a +0 broad axe (weapon)
Armour
 b - a +0 animal skin (worn)
Wands
 j - a wand of acid (5)
 k - a wand of iceblast (5)
Scrolls
 i - 4 scrolls of blinking
 l - 3 scrolls of fog
Potions
 d - a potion of curing
 e - 4 potions of heal wounds
 f - 4 potions of haste
 g - 2 potions of magic
 h - a potion of berserk rage
 m - a potion of resistance
Comestibles
 c - a ration


   Skills:
 + Level 7.7 Fighting
 + Level 7.3 Axes
 + Level 4.0 Armour
 + Level 4.2 Dodging


You had 3 spell levels left.
You didn't know any spells.

Dungeon Overview and Level Annotations

Branches:
Dungeon (1/1)

Altars:
Cheibriados
Dithmenos
Makhleb
Okawaru
Qazlal
Vehumet
Wu Jian
Beogh
Jiyva
Lugonu

Shops:
D **[(!

Annotations:
D Blork the orc


Innate Abilities, Weirdness & Mutations

You reflexively headbutt those who attack you in melee.
You have a pair of horns on your head.


Message History

* * * LOW HITPOINT WARNING * * *
You slash Blork the orc!
Blork the orc is severely wounded.
Blork the orc casts a spell at you. The puff of frost hits you!
* * * LOW HITPOINT WARNING * * *
You closely miss Blork the orc.
Blork the orc is severely wounded.
Blork the orc hits you with a dire flail.
* * * LOW HITPOINT WARNING * * *
You slash Blork the orc!
Blork the orc is almost dead.
Blork the orc gestures wildly while chanting.
Blork the orc flickers and vanishes!
Deactivating autopickup; reactivate with Ctrl-A.
You miss something.
You hear some strange, mumbled words.
A puff of frost appears from out of thin air!
The puff of frost hits you!
You die...

......8.# #.8........
__......###......_._∩
###.8.........8.#
#⌠...........⌠#
###.........###
#_......._#
#_......._#
#_......._#
#∩.....@.∩#
##∩...{.∩## ##.....##
##⌠§⌠## #####


There were no monsters in sight!

Vanquished Creatures
  3 quasits (D)
  An ufetubus (D)
4 creatures vanquished.

Notes
Turn   | Place    | Note
-------+----------+-------------------------------------------
     0 | D        | wojtek the Minotaur Berserker began the quest for the Orb.
     0 | D        | Reached XP level 1. HP: 19/19 MP: 0/0
     1 | D        | Found a corrupted altar of Lugonu.
     1 | D        | Found a radiant altar of Vehumet.
     2 | D        | Found an ornate altar of the Wu Jian Council.
     2 | D        | Found a shadowy altar of Dithmenos.
     3 | D        | Found a burning altar of Makhleb.
     3 | D        | Found an iron altar of Okawaru.
     4 | D        | Found a stormy altar of Qazlal.
     4 | D        | Found a viscous altar of Jiyva.
     4 | D        | Found Fuxain's Premium Goods.
     4 | D        | Found Quryez's Weapon Rack.
     5 | D        | Found Dudarroh's Miscellaneous Merchandise.
     5 | D        | Found Siguserr's Basic Armour.
     5 | D        | Round 1.
     7 | D        | Found a roughly hewn altar of Beogh.
    15 | D        | Bought a +0 broad axe for 120 gold pieces
    46 | D        | Noticed a quasit
    47 | D        | Noticed a quasit
    47 | D        | Found a snail-covered altar of Cheibriados.
    53 | D        | Killed a quasit
    53 | D        | Reached skill level 5 in Axes
    53 | D        | Reached XP level 2. HP: 10/30 MP: 1/1
    53 | D        | Reached XP level 3. HP: 13/37 MP: 2/2
    54 | D        | Reached ** piety under Trog
    54 | D        | Reached XP level 4. HP: 15/47 MP: 3/3
   109 | D        | Found Puenayc's Do-It-Yourself Clinic.
   121 | D        | Arena points: 5 (+5) [x1]
   131 | D        | Round 2.
   214 | D        | Noticed Blork the orc
   223 | D        | Killed from afar by Blork the orc

Skill      XL: |  1  2  3  4 |
---------------+-------------+-----
Fighting       | 6 7 |  7.7
Axes           | 5 6 7 |  7.3
Armour         | 3 4 |  4.0
Dodging        | 3 4 |  4.2

Action                   |  1- 3 |  4- 6 || total
-------------------------+-------+-------++-------
Melee: Broad axe         |     5 |    12 ||    17
       Hand axe          |     3 |       ||     3
       Headbutt          |     2 |     1 ||     3
Invok: Berserk           |     1 |     2 ||     3
Armor: Animal skin       |    10 |     7 ||    17
Dodge: Dodged            |    25 |    18 ||    43
